 Dungeon Crawl Stone Soup version 0.19.1 (webtiles) character file.

46644 omegacute the Blocker (level 14, -17/143 (146) HPs)
             Began as a Troll Berserker on Dec 7, 2016.
             Was the Champion of Trog.
             Killed by Freeze
             ... invoked by TotoDurand's ghost
              (24 damage)
             ... on level 6 of the Lair of Beasts.
             The game lasted 01:20:13 (16702 turns).

omegacute the Blocker (Troll Berserker)            Turns: 16702, Time: 01:20:13

HP:   -17/143 (146) AC:  8    Str: 35    XL:     14   Next: 5%
MP:   22/22         EV: 15    Int:  6    God:    Trog [******]
Gold: 1653          SH: 28    Dex: 10    Spells: 0 memorised, 13 levels left

rFire  . . .     SeeInvis .       - Unarmed
rCold  . . .     Gourm    +     x - +1 robe
rNeg   + + .     Faith    .     F - +0 large shield
rPois  .         Spirit   .     E - +0 hat
rElec  .         Reflect  +     o - +1 cloak
rCorr  .         Harm     .     (gloves unavailable)
MR     ++++.     NoTele   +     (boots unavailable)
Stlth  +.........               W - +6 amulet of reflection (curse)
                                y - +5 ring of evasion
                                C - ring of Daebb {-Tele rN++ MR+ MP+9 Str+4 Int+3}

@: exhausted, regenerating, slowed, very slow
A: unfitting armour, claws 3, fast metabolism 3, gourmand, regeneration 1,
shaggy fur 1, tough skin 2
a: Berserk, Trog's Hand, Brothers in Arms, Burn Spellbooks, Renounce Religion


You were on level 6 of the Lair of Beasts.
You worshipped Trog.
Trog was exalted by your worship.
You were very full.

You visited 2 branches of the dungeon, and saw 18 of its levels.
You also visited: Labyrinth and Ice Cave.

You collected 1901 gold pieces.
You spent 248 gold pieces at shops.

Inventory:

Hand Weapons
 S - a +5 shortbow of velocity
Missiles
 T - 3 large rocks (quivered)
Armour
 o - a +1 cloak (worn)
 x - a +1 robe (worn)
 E - a +0 hat (worn)
 F - a +0 large shield (worn)
Rods
 U - a +4 iron rod (11/11)
   (You found it in a labyrinth)
Jewellery
 w - an uncursed ring of poison resistance
 y - a +5 ring of evasion (right claw)
 C - the ring of Daebb (left claw) {-Tele rN++ MR+ MP+9 Str+4 Int+3}
   (You found it in a labyrinth)

   [ring of intelligence]

   It affects your strength (+4).
   It affects your intelligence (+3).
   It greatly protects you from negative energy.
   It affects your resistance to hostile enchantments.
   It affects your magic capacity (+9).
   It prevents most forms of teleportation.
 K - an uncursed ring of protection from fire
 W - a cursed +6 amulet of reflection (around neck)
Wands
 c - a wand of disintegration (17/24)
 z - a wand of slowing (17/48)
 B - a wand of iceblast (1/15)
 G - a wand of confusion (10/48)
 M - a wand of flame (48/48)
 O - a wand of acid (11/15)
 P - a wand of iceblast (8/15)
 Y - a wand of confusion (12/48)
Scrolls
 e - 18 scrolls of remove curse
 g - 2 scrolls of blinking
 h - 10 scrolls of identify
 k - 2 scrolls of enchant armour
 l - 3 scrolls of fog
 m - 6 scrolls of enchant weapon
 n - 2 scrolls of recharging
 q - 6 scrolls of teleportation
 s - a scroll of amnesia {unknown}
 t - a scroll of torment {unknown}
 X - a scroll of magic mapping
Potions
 a - a potion of magic
 d - 9 potions of curing
 p - 2 potions of heal wounds
 v - 4 potions of haste
 A - 5 potions of might
 D - a potion of cure mutation
 H - a potion of invisibility
 Q - a potion of flight {unknown}
 R - a potion of ambrosia
Books
 j - a book of Battle

   Spells                             Type                      Level
   a - Infusion                       Charms                       1
   b - Shroud of Golubria             Charms/Translocation         2
   c - Song of Slaying                Charms                       2
   d - Spectral Weapon                Hexes/Charms                 3
   e - Regeneration                   Charms/Necromancy            3
   Trog disapproves of the use of such an item.
 V - Virits's Incunabulum of Lucky Summoning
   (You found it on level 1 of the Lair of Beasts)

   Spells                             Type                      Level
   a - Infusion                       Charms                       1
   b - Spectral Weapon                Hexes/Charms                 3
   c - Summon Mana Viper              Hexes/Summoning              5
   d - Summon Demon                   Summoning                    5
   e - Shadow Creatures               Summoning                    6
   Trog disapproves of the use of such an item.
Miscellaneous
 L - a phantom mirror
 N - a sack of spiders
Comestibles
 b - 14 bread rations
 f - 6 meat rations
 i - 6 slices of pizza
 u - 6 beef jerkies
 I - 5 royal jellies
 J - 42 fruits


   Skills:
 + Level 11.3 Fighting
 - Level 4.0 Dodging
 * Level 14.0 Shields
 - Level 11.8 Unarmed Combat


You had 13 spell levels left.
You didn't know any spells.

Dungeon Overview and Level Annotations

Branches:
Dungeon (12/15)            Temple (0/1) D:6            Lair (6/6) D:9
  Swamp (0/4) Lair:4        Snake (0/4) Lair:2        Slime (0/5) Lair:5
    Orc (0/2) D:12

Altars:
Cheibriados
Elyvilon
Fedhas
Gozag
Hepliaklqana
Makhleb
Okawaru
Qazlal
Sif Muna
Yredelemnul
Zin
The Shining One

Shops:
D:4 *   D:6 [

Annotations:
D:6 exclusion: 2 doors
Lair:6 TotoDurand's ghost, journeyman DrIE


Innate Abilities, Weirdness & Mutations

You are too large for most types of armour.
You have claws for hands.
Your metabolism is lightning-fast.
You like to eat raw meat.
Your natural rate of healing is unusually fast.
You are covered in fur. (AC +1)
You have very tough skin. (AC +2)


Message History

You are frozen.
* * * LOW HITPOINT WARNING * * *
The mottled dragon breathes sticky fire at you.
The sticky flame misses you.
All of the chunks of flesh in your inventory have rotted away.
You take 5 damage, and have 6/214 hp.
You scratch TotoDurand's ghost.
TotoDurand's ghost is lightly damaged.
The komodo dragon misses you.
You scratch TotoDurand's ghost but do no damage.
TotoDurand's ghost is lightly damaged.
TotoDurand's ghost closely misses you.
You block the mottled dragon's attack. x2
You claw TotoDurand's ghost!
TotoDurand's ghost is lightly damaged.
You are no longer berserk.
You are exhausted.
You feel yourself slow down. You block the komodo dragon's attack.
TotoDurand's ghost points at you and mumbles some strange words.
You are frozen.
You die...

...###...........#P.....##...#...
.P####.....#.....#.........#.##..
.####......[#...##..........###..
.#.........#...###...............
................#................
.................................
................l..........(.....
...............WDl...............
..........##..##@................
..........##..##.................
.........###..####...............
........## ...# ##.....###......
........# #.... ###.### #......
......[.# #..... ### #......
###....## .lD. #...%.. # ##.###
##...... ### #.......


You could see a komodo dragon, a wyvern, a mottled dragon and TotoDurand's
ghost.

Vanquished Creatures
  A minotaur (Lab)
  Erolcha (D:9)
  2 ice dragons (IceCv)
  4 hydras
  3 death yaks (Lair:3)
  2 unseen horrors
  The ghost of TheWoodenMan the Poker, a novice MiHu of Zin (D:7)
  The ghost of StormySan the Cleaver, a novice MiBe of Trog (D:6)
  5 hill giants
  A deep elf mage (D:12)
  An ugly thing (D:12)
  2 cyclopes
  4 elephants
  5 black mambas
  2 ice statues (IceCv)
  A molten gargoyle (Lair:6)
  9 spiny frogs
  6 rime drakes
  5 komodo dragons
  2 ice devils (Lair:3)
  2 polar bears
  A troll (D:12)
  A minotaur zombie (Lab)
  10 blink frogs
  A two-headed ogre (D:10)
  A hornet (D:8)
  4 slime creatures (Lair:5)
  5 dream sheep (Lair:4)
  6 hippogriffs
  A redback (Lab)
  2 wyverns
  A shadow (D:12)
  32 yaks
  Sigmund (D:6)
  A basilisk (Lair:6)
  6 hungry ghosts
  A steam dragon (Lair:3)
  3 nagas (Lair:2)
  A hell hound (Lair:6)
  2 soldier ants (D:8)
  12 water moccasins
  8 porcupines
  6 orc warriors
  15 ice beasts
  A black bear (Lair:3)
  6 ogres
  2 phantoms
  5 sky beasts
  2 necrophages
  7 centaurs
  9 wolves
  9 crocodiles
  3 big kobolds
  4 gnoll sergeants (D:12)
  12 bullfrogs
  6 scorpions
  3 killer bees (D:12)
  4 electric eels (Lair:5)
  3 howler monkeys
  5 crimson imps
  2 centaur zombies
  6 hounds
  Crazy Yiuf (D:2)
  2 bullfrog zombies (D:12)
  2 orc priests
  2 centaur skeletons
  6 orc wizards
  2 bullfrog skeletons
  3 jellies
  6 iguanas
  9 worker ants
  A killer bee zombie (D:5)
  A hound zombie (D:10)
  2 hound skeletons
  A worker ant zombie (D:11)
  8 gnolls
  19 adders
  2 shadow imps
  3 oozes
  2 adder skeletons
  A worm (D:2)
  2 dart slugs
  6 leopard geckos
  31 orcs
  2 ball pythons
  4 giant cockroaches
  7 goblins
  12 hobgoblins
  14 jackals
  26 kobolds
  6 quokkas
  5 bats
  5 frilled lizards
  A jackal skeleton (D:5)
  2 leopard gecko skeletons
  A leopard gecko zombie (D:5)
  A quokka skeleton (D:8)
  4 rats
  A fungus (D:8)
473 creatures vanquished.

Vanquished Creatures (collateral kills)
  A spiny frog (Lair:1)
1 creature vanquished.

Vanquished Creatures (others)
  5 fungi
  4 plants
9 creatures vanquished.

Grand Total: 483 creatures vanquished

Notes
Turn   | Place    | Note
-------+----------+-------------------------------------------
     0 | D:1      | omegacute the Troll Berserker began the quest for the Orb.
     0 | D:1      | Reached XP level 1. HP: 22/22 MP: 0/0
    71 | D:1      | Reached XP level 2. HP: 29/29 MP: 1/1
   478 | D:1      | Reached ** piety under Trog
   478 | D:1      | Reached XP level 3. HP: 34/36 MP: 2/2
  1140 | D:2      | Reached XP level 4. HP: 43/44 MP: 3/3
  1305 | D:2      | Found a runed door.
  1309 | D:2      | Noticed Crazy Yiuf
  1315 | D:2      | Killed Crazy Yiuf
  1315 | D:2      | Reached skill level 5 in Unarmed Combat
  1831 | D:3      | Reached XP level 5. HP: 49/50 MP: 4/4
  1892 | D:3      | Found a basalt altar of Yredelemnul.
  1893 | D:3      | Found a deep blue altar of Sif Muna.
  2005 | D:3      | Reached *** piety under Trog
  2431 | D:4      | Found Ara Uqel's General Store.
  2434 | D:4      | Bought a scroll of remove curse for 30 gold pieces
  2489 | D:4      | Found an iron altar of Okawaru.
  2489 | D:4      | Found a snail-covered altar of Cheibriados.
  2707 | D:4      | Noticed a centaur
  2715 | D:4      | Killed a centaur
  2715 | D:4      | Reached XP level 6. HP: 33/59 MP: 5/5
  3048 | D:5      | Entered Level 5 of the Dungeon
  3258 | D:5      | Noticed an ice beast
  3262 | D:5      | Killed an ice beast
  3262 | D:5      | Reached XP level 7. HP: 66/66 MP: 6/6
  3365 | D:5      | Found an opulent altar of Gozag.
  3683 | D:5      | Reached XP level 8. HP: 57/74 MP: 7/7
  3851 | D:6      | Reached skill level 10 in Unarmed Combat
  3865 | D:6      | Noticed Sigmund
  3881 | D:6      | Killed Sigmund
  3984 | D:6      | Found a staircase to the Ecumenical Temple.
  3995 | D:6      | Reached **** piety under Trog
  4009 | D:6      | Found a glowing golden altar of the Shining One.
  4012 | D:6      | Found a glowing silver altar of Zin.
  4014 | D:6      | Found a white marble altar of Elyvilon.
  4078 | D:6      | Noticed StormySan's ghost (novice MiBe)
  4097 | D:6      | Killed StormySan's ghost
  4167 | D:6      | Found Poetoryutz's Antique Armour Boutique.
  4233 | D:6      | Bought a slimy shield for 218 gold pieces
  4238 | D:6      | Identified the cursed -6 shield "Yduocy" {rN++ Int-2 Dex+4} (You bought it in a shop on level 6 of the Dungeon)
  4336 | D:6      | Reached XP level 9. HP: 73/80 MP: 8/8
  4615 | D:7      | Noticed TheWoodenMan's ghost (novice MiHu)
  4648 | D:7      | Killed TheWoodenMan's ghost
  5381 | D:8      | Noticed a hill giant
  5399 | D:8      | Killed a hill giant
  5399 | D:8      | Reached skill level 2 in Shields
  5420 | D:7      | Reached skill level 5 in Fighting
  5532 | D:8      | Reached skill level 3 in Shields
  5599 | D:8      | Found a blossoming altar of Fedhas.
  5684 | D:8      | Found a stormy altar of Qazlal.
  5759 | D:8      | Reached XP level 10. HP: 95/95 MP: 9/9
  6086 | D:8      | Reached skill level 4 in Shields
  6316 | D:9      | Found a staircase to the Lair.
  6316 | D:9      | Noticed an elephant
  6337 | D:9      | Killed an elephant
  6338 | D:9      | Reached skill level 5 in Shields
  6678 | D:9      | Found a white marble altar of Elyvilon.
  6777 | D:9      | Reached ***** piety under Trog
  6882 | D:9      | Found a hazy altar of Hepliaklqana.
  6940 | D:9      | Noticed Erolcha
  6959 | D:9      | Killed Erolcha
  6959 | D:9      | Reached skill level 6 in Shields
  7331 | D:10     | Entered Level 10 of the Dungeon
  7455 | D:10     | Killed an unseen horror
  7455 | D:10     | Reached skill level 7 in Shields
  7631 | D:10     | Reached XP level 11. HP: 106/106 MP: 10/10
  7836 | D:10     | Noticed a hill giant
  7842 | D:10     | Killed a hill giant
  8049 | D:10     | Noticed a hill giant
  8061 | D:10     | Killed a hill giant
  8061 | D:10     | Reached skill level 8 in Shields
  8502 | D:11     | Noticed a hill giant
  8524 | D:11     | Killed a hill giant
  9033 | D:11     | Reached skill level 9 in Shields
  9187 | D:12     | Killed an unseen horror
  9537 | D:12     | Found a staircase to the Orcish Mines.
  9782 | D:12     | Noticed a hill giant
  9786 | D:12     | Killed a hill giant
  9842 | D:12     | Reached skill level 10 in Shields
  9884 | D:12     | Noticed a purple ugly thing
  9902 | D:12     | Killed a purple ugly thing
  9992 | D:12     | Received a gift from Trog
  9992 | D:12     | Reached XP level 12. HP: 101/119 MP: 11/11
 10243 | D:12     | Found a burning altar of Makhleb.
 10243 | D:12     | Noticed an Executioner
 10618 | Lair:1   | Entered Level 1 of the Lair of Beasts
 10618 | Lair:1   | Noticed a six-headed hydra
 10631 | Lair:1   | Killed an eight-headed hydra
 10678 | Lair:1   | Noticed an eight-headed hydra
 10686 | Lair:1   | Killed a 12-headed hydra
 10890 | Lair:1   | Reached skill level 11 in Shields
 10944 | Lair:1   | Found a labyrinth entrance.
 11006 | Lab      | Entered a labyrinth
 11050 | Lab      | Got a translucent turquoise ring
 11053 | Lab      | Identified the ring of Daebb {-Tele rN++ MR+ MP+9 Str+4 Int+3} (You found it in a labyrinth)
 11115 | Lab      | Noticed a minotaur
 11125 | Lab      | Killed a minotaur
 11250 | Lair:1   | Identified Virits's Incunabulum of Lucky Summoning
 11914 | Lair:2   | Found a staircase to the Snake Pit.
 12270 | Lair:2   | Reached skill level 12 in Shields
 12318 | Lair:2   | Reached skill level 10 in Fighting
 12771 | Lair:3   | Reached XP level 13. HP: 120/130 MP: 12/12
 12788 | Lair:3   | Found a frozen archway.
 12803 | IceCv    | Entered an ice cave
 14261 | Lair:4   | Found a staircase to the Swamp.
 14459 | Lair:4   | Reached skill level 13 in Shields
 15436 | Lair:5   | Reached ****** piety under Trog
 15978 | Lair:5   | Found a staircase to the Slime Pits.
 16082 | Lair:6   | Entered Level 6 of the Lair of Beasts
 16677 | Lair:6   | Noticed TotoDurand's ghost (journeyman DrIE)
 16681 | Lair:6   | Reached skill level 14 in Shields
 16681 | Lair:6   | Reached XP level 14. HP: 117/143 MP: 13/13
 16696 | Lair:6   | HP: 9/214 [komodo dragon (17)]
 16702 | Lair:6   | Killed from afar by TotoDurand's ghost

Skill      XL: |  1  2  3  4  5  6  7  8  9 10 11 12 13 |
---------------+----------------------------------------+-----
Unarmed Combat | 4 5 7 8 9 11 | 11.8
Fighting       | 5 7 8 10 11 | 11.3
Dodging        | 4 |  4.0
Shields        | 3 7 10 12 14 | 14.0

Action                   |  1- 3 |  4- 6 |  7- 9 | 10-12 | 13-15 || total
-------------------------+-------+-------+-------+-------+-------++-------
Melee: Unarmed           |    95 |   153 |   246 |   698 |   447 ||  1639
       Punch             |     1 |     2 |     4 |       |       ||     7
Invok: Berserk           |     2 |     3 |     5 |    18 |     6 ||    34
       Trog's Hand       |       |     1 |     6 |     8 |     6 ||    21
       Burn Spellbooks   |       |       |     1 |     1 |     1 ||     3
       Brothers in Arms  |       |       |       |     1 |     1 ||     2
  Use: Scroll            |       |       |     2 |    13 |    13 ||    28
 Stab: Sleeping          |     1 |       |       |       |       ||     1
       Distracted        |       |       |       |       |     1 ||     1
  Eat: Chunk             |    18 |    22 |    30 |    97 |    36 ||   203
       Royal jelly       |       |       |       |     2 |     4 ||     6
Armor: Animal skin       |    19 |    30 |    13 |       |       ||    62
       Robe              |       |       |    27 |    59 |    20 ||   106
Dodge: Dodged            |    37 |    67 |    61 |   173 |    84 ||   422
Block: Large shield      |       |       |    51 |   496 |   352 ||   899
       Reflection        |       |       |       |       |     3 ||     3
